Cogmind - Beta 15 @@@ ROGUE MODE // 2025.07.20 @ 22:29:05 Player: Alex Result: Core destroyed Performance ------------- Evolutions (0) 0 Regions Visited (2) 400 Robots Destroyed (8) 40 Value Destroyed (202) 202 Prototype IDs (0) 0 Alien Tech Used (0) 0 Bonus (0) 0 TOTAL SCORE: 642 Bonus ------- None Cogmind --------- Core Integrity 0/250 Matter 280/300 Energy 265/265 System Corruption 0% Temperature Cool (0) Movement Rolling (140) Ox4 Location -10/Mines Parts ------- > --- POWER (1) -------- Improved Ion Engine > --- PROPULSION (2) --- Wheel Wheel > --- UTILITY (2) ------ Huge Storage Unit Light Armor Plating > --- WEAPON (2) ------- Beam Rifle Light Assault Rifle > --- INVENTORY (25) --- Light Ion Engine Wheel Light Armor Plating Hardened Medium Armor Plating EM Pulse Gun Light Assault Rifle Peak State ------------ > --- POWER ------------ Improved Ion Engine > --- PROPULSION ------- Aluminum Leg Aluminum Leg > --- UTILITY ---------- Huge Storage Unit Hardened Medium Armor Plating > --- WEAPON ----------- Medium Laser Light Assault Rifle > --- INVENTORY -------- Light Ion Engine Wheel Light Armor Plating EM Pulse Gun Light Assault Rifle [Rating: 10] Favorites ----------- Power Light Ion Engine Engine Light Ion Engine Propulsion Wheel Leg Aluminum Leg Wheel Wheel Utility Huge Storage Unit Storage Huge Storage Unit Protection Light Armor Plating Weapon Light Assault Rifle Energy Gun Medium Laser Ballistic Gun Light Assault Rifle Build | -11 -10 -10 ------- Run | Yrd Mat Min Slots Evolved . | . . . Power . | . . . Propulsion . | . . . Utility . | . . . Weapon . | . . . Parts Attached 23 | 7 2 14 Power 4 | 1 1 2 Engine 4 | 1 1 2 Core . | . . . Reactor . | . . . Propulsion 8 | 2 . 6 Treads . | . . . Leg 4 | . . 4 Wheel 4 | 2 . 2 Hover . | . . . Flight . | . . . Utility 5 | 1 1 3 Device . | . . . Storage 2 | 1 . 1 Processor . | . . . Hackware . | . . . Protection 3 | . 1 2 Artifact . | . . . Weapon 6 | 3 . 3 Energy Gun 3 | 2 . 1 Energy Cannon . | . . . Ballistic Gun 3 | 1 . 2 Ballistic Cannon . | . . . Launcher . | . . . Special Weapon . | . . . Impact Weapon . | . . . Slashing Weapon . | . . . Piercing Weapon . | . . . Special Melee Weapon . | . . . Unidentified Prototypes . | . . . Parts Lost 5 | . 1 4 Power 2 | . 1 1 Propulsion 3 | . . 3 Utility . | . . . Weapon . | . . . Highest Loss Streak 2 | . 1 2 To Critical Strikes . | . . . Average Backups 6 | 1 4 6 Power . | . 1 1 Propulsion 2 | 1 2 2 Utility . | . . 1 Weapon 1 | . 1 2 Tool/Special . | . . . Unused Backups 4 | 2 . 2 Power 1 | . . 1 Propulsion 3 | 2 . 1 Utility . | . . . Weapon . | . . . Tool/Special . | . . . Average Slot Usage (%) 96 | . 87 97 Engine 13 | . 12 13 Leg 10 | . . 11 Wheel 16 | . 28 15 Storage 14 | . 14 14 Protection 13 | . 4 14 Energy Gun 12 | . 14 12 Ballistic Gun 14 | . 14 14 Peak Build Rating 10 | 6 7 10 Average Rating 8 | 4 6 8 On Entrance 4 | . 6 7 Naked Turns . | . . . Heaviest Build 98 | 12 17 98 Greatest Support 20 | 20 20 20 Greatest Overweight (x) 9 | 2 . 9 Average Overweight (x) 2 | . . 3 Largest Inventory Capacity 25 | 8 8 25 Average Capacity 21 | 7 8 23 Most Carried 11 | 4 5 11 Average Carried 6 | 2 4 6 Final Capacity 25 | 8 8 25 Final Carried 6 | 4 5 6 Class Distribution -------------------- 72% | Mutant 27% | Scavenger-Mutant Dominant Class ---------------- Mutant | -10/Materials Mutant | -10/Mines Resources | -11 -10 -10 ----------- Run | Yrd Mat Min Matter Collected 438 | 93 . 345 Remotely . | . . . Salvage Created 285 | . . 285 Parts 22 | . . 22 Haulers Intercepted . | . . . Recyclers Shooed . | . . . Parts Field Recycled . | . . . Retrieved Matter . | . . . Parts Self-Destructed . | . . . Prevented . | . . . Kills | -11 -10 -10 ------- Run | Yrd Mat Min Combat Hostiles Destroyed 7 | . . 7 Guns 7 | . . 7 Classes Destroyed 4 | . . 4 Worker 1 | . . 1 Swarmer 3 | . . 3 Grunt 2 | . . 2 Sentry 2 | . . 2 Best Kill Streak 3 | . . 3 Combat Bots Only 3 | . . 3 Max Kills in Single Turn 1 | . . 1 Gunslinging . | . . . Exploded . | . . . Melee . | . . . Uniques/NPCs Destroyed . | . . . Combat | -11 -10 -10 -------- Run | Yrd Mat Min Hostile Shots Fired 125 | . 36 89 Missed 38 | . 14 24 Hits 87 | . 22 65 Projectile 87 | . 22 65 Critical Strikes 2 | . . 2 Damage Taken 1135 | . 240 895 Core 250 | . 78 172 Absorbed by Shields . | . . . Core Remaining (%) 100 | 100 . . Volleys Fired 31 | . . 31 Largest 2 | . . 2 Hottest 76 | . . 76 Shots Fired 55 | . . 55 Gun 55 | . . 55 Cannon . | . . . Launcher . | . . . Special . | . . . Kinetic 31 | . . 31 Thermal 19 | . . 19 Explosive . | . . . Electromagnetic 5 | . . 5 Robot Hit Streak 7 | . . 7 Robot Miss Streak 5 | . . 5 Penetration Max . | . . . Secondary Targets 3 | . . 3 Max Gunslinging Chain 1 | . . 1 Shots Hit Robots 33 | . . 33 Core Hits 15 | . . 15 Critical Kills . | . . . Critical Parts Destroyed 1 | . . 1 Critical Strikes 2 | . . 2 Burn 1 | . . 1 Destroy 1 | . . 1 Melee Attacks . | . . . Impact . | . . . Slashing . | . . . Piercing . | . . . Sneak Attacks . | . . . Combat Hostiles . | . . . Follow-up Attacks . | . . . Damage Inflicted 392 | . . 392 Guns 350 | . . 350 Cannons . | . . . Explosions . | . . . Melee . | . . . Ramming 42 | . . 42 Kinetic 162 | . . 162 Thermal 136 | . . 136 Explosive . | . . . Electromagnetic 52 | . . 52 Impact . | . . . Slashing . | . . . Piercing . | . . . Highest Corruption . | . . . Average Corruption . | . . . Corruption Purged . | . . . Corruption Blocked . | . . . Overload Shots . | . . . Overflow Damage 2 | . . 2 Projectiles . | . . . Explosions . | . . . Melee 2 | . . 2 Knockbacks 1 | . . 1 Impact 1 | . . 1 Kinetic . | . . . Secondary . | . . . Self-Inflicted Damage 21 | . . 21 Shots . | . . . Rammed 1 | . . 1 Targets Rammed 1 | . . 1 Kicked . | . . . Crushed . | . . . Highest Temperature 270 | . . 270 Average Temperature 99 | . . 99 Received Heat Transfer 534 | . 138 396 Effects 1 | . . 1 Energy Bleed 1 | . . 1 Siege Activations . | . . . Martial Activations . | . . . Shielding Activations . | . . . Robots Disrupted . | . . . Combat Hostiles . | . . . Robots Corrupted . | . . . Combat Hostiles . | . . . Parts Fried . | . . . Impact Corruptions 1 | . . 1 Robots Melted . | . . . Combat Hostiles . | . . . Parts Melted 1 | . . 1 Heat Transferred 481 | . . 481 Parts Sabotaged . | . . . Parts Stolen . | . . . Parts Stripped . | . . . Power Chain Reactions . | . . . Alert | -11 -10 -10 ------- Run | Yrd Mat Min Maximum Alert Level . | . . . Low Security (%) 100 | 100 100 100 Level 1 . | . . . Level 2 . | . . . Level 3 . | . . . Level 4 . | . . . Level 5 . | . . . High Security . | . . . Max Security . | . . . Peak Influence 70 | . . 70 Initial . | . . . Average 7 | . . 8 Influence Increases 165 | . . 165 Destroy 0b10 Robot/C 140 | . . 140 Destroy 0b10 Robot/NC 5 | . . 5 Destroy Leader 20 | . . 20 Influence Decreases 165 | . . 165 Time Decay 125 | . . 125 Lost Part 40 | . . 40 Squads Dispatched 2 | . 2 . Investigation 1 | . 1 . Extermination . | . . . Reinforcement 1 | . 1 . Assault . | . . . Garrison . | . . . Intercept . | . . . Searches Triggered . | . . . Construction Impeded . | . . . Haulers Reinforced . | . . . Active Scanning Responses . | . . . Cargo Convoy Interrupts . | . . . Stealth | -11 -10 -10 --------- Run | Yrd Mat Min Distress Signals . | . . . Communications Jammed . | . . . Distress Signals . | . . . Times Spotted 17 | . 10 7 Peak Tracking Total 10 | . 10 2 Tactical Retreats . | . . . Traps | -11 -10 -10 ------- Run | Yrd Mat Min Traps Triggered 1 | . 1 . Indirectly . | . . . Trap Hack Attempts . | . . . Triggered . | . . . Disarmed . | . . . Reprogrammed . | . . . Reused . | . . . Traps Extracted . | . . . Installed . | . . . Triggered . | . . . Machines | -11 -10 -10 ---------- Run | Yrd Mat Min Machines Disabled . | . . . Max in Single Turn . | . . . Machines Repaired . | . . . Machines Dismantled . | . . . Machines Sabotaged . | . . . Overloaded Fab Kills . | . . . Hacking | -11 -10 -10 --------- Run | Yrd Mat Min Machines Accessed 1 | . . 1 Terminals . | . . . Fabricators . | . . . Repair Stations . | . . . Recycling Units . | . . . Scanalyzers . | . . . Garrison Access . | . . . Total Hacks 1 | . . 1 Successful 1 | . . 1 Failed . | . . . Catastrophic . | . . . Database Lockouts . | . . . Manual . | . . . Terminals . | . . . Fabricators . | . . . Repair Stations . | . . . Recycling Units . | . . . Scanalyzers . | . . . Garrison Access . | . . . Terminal Hacks 1 | . . 1 Open Door 1 | . . 1 Fabricator Hacks . | . . . Repair Station Hacks . | . . . Recycling Unit Hacks . | . . . Scanalyzer . | . . . Garrison Access Hacks . | . . . Unauthorized Hacks . | . . . Terminals . | . . . Fabricators . | . . . Repair Stations . | . . . Recycling Units . | . . . Scanalyzers . | . . . Garrison Access . | . . . Data Cores Recovered . | . . . Used . | . . . Hacking Detections . | . . . Full Trace Events . | . . . Feedback Events . | . . . Feedback Blocked . | . . . Robot Schematics Acquired . | . . . Robots Built . | . . . Authchips . | . . . Time . | . . . Total Robot Build Rating . | . . . Part Schematics Acquired . | . . . Parts Built . | . . . Authchips . | . . . Time . | . . . Total Part Build Rating . | . . . Parts Repaired . | . . . Time . | . . . Parts Recycled . | . . . Recycled Matter . | . . . Retrieved Matter . | . . . Retrieved Components . | . . . Parts Scanalyzed . | . . . Part Schematics Acquired . | . . . Parts Damaged . | . . . Bothacking | -11 -10 -10 ------------ Run | Yrd Mat Min Used RIF Installer . | . . . Robots Hacked . | . . . Non-combat . | . . . Combat . | . . . Robot Hacks Applied . | . . . Relay Couplers Released . | . . . Fabnet Peak Effective % . | . . . Robots Rewired . | . . . Allies Hacked . | . . . Hacks Repelled . | . . . Allies | -11 -10 -10 -------- Run | Yrd Mat Min Total Allies . | . . . Largest Group . | . . . Highest-Rated Group . | . . . Highest-Rated Ally . | . . . Total Orders . | . . . Ally Attacks . | . . . Total Damage . | . . . Kills . | . . . Allies Corrupted . | . . . Allies Melted . | . . . Intel | -11 -10 -10 ------- Run | Yrd Mat Min Active Infowar (turns) . | . . . Robot Analysis Total . | . . . Derelict Logs Recovered . | . . . Drone Launches . | . . . Drone Recoveries . | . . . Exploration | -11 -10 -10 ------------- Run | Yrd Mat Min Turns Passed 930 | 64 62 804 Spaces Moved 514 | 56 72 386 Core 5 | 5 . . Treads . | . . . Legs 70 | . . 70 Wheels 439 | 51 72 316 Hover . | . . . Flight . | . . . Fastest Speed 50 | 50 80 80 Average Speed 154 | 81 80 179 Slowest Speed 750 | 150 80 750 Overloaded Moves . | . . . Propulsion Burnouts . | . . . Robots Hopped . | . . . Potential Cave-ins . | . . . Cave-ins Triggered . | . . . Exploration Rate (%) 28 | 3 17 66 Regions Visited 2 Branch Regions 1 Pre-discovered Areas . | . . . Known Exits Taken . | . . . Unknown Exits Taken 2 | 1 1 . Scrap Searched 1 | . . 1 Spaces Dug . | . . . Terrain Destroyed . | . . . Melee . | . . . Projectile . | . . . AOE . | . . . Terrain Rammed . | . . . Walls Destroyed . | . . . Machines Disabled . | . . . Actions | -11 -10 -10 --------- Run | Yrd Mat Min Total 597 | 72 75 450 Wait . | . . . Move 512 | 55 71 386 Hop . | . . . Pick Up 14 | 7 2 5 Fast Attach 9 | 5 1 3 Attach 9 | 2 1 6 Detach 6 | 1 . 5 Swap 6 | . . 6 Drop 10 | 2 . 8 Fire 31 | . . 31 Melee . | . . . Ram . | . . . Kick . | . . . Crush . | . . . Escape Stasis . | . . . Rewire . | . . . Trap . | . . . Miscellaneous . | . . . Route ------- -11/Scrapyard -10/Materials (discovered 2 exits: [*Mat] / *Min) -10/Mines History --------- Turn | Location | Event 18 | -11/Scrapyard | Discovered new exit (range 15) 65 | -11/Scrapyard | Entered Materials 100 | -10/Materials | Discovered new exit (range 5) 122 | -10/Materials | Discovered new exit (range 6) 127 | -10/Materials | Entered Mines 284 | -10/Mines | Met a Derelict who couldn't figure out how to use a Trap Extractor 305 | -10/Mines | Build established: Mutant 539 | -10/Mines | Core integrity fell below 50% 641 | -10/Mines | Core integrity fell below 20% 931 | -10/Mines | Core destroyed Last Messages --------------- Switching to secondary target: G-47 Trooper. Aluminum Leg destroyed. Machine disabled. G-47 Trooper destroyed. Acquired Aluminum Leg. Acquired 44 matter. K-01 Serf collects debris. Acquired Beam Rifle. K-01 Serf collects debris. K-01 Serf destroyed. Acquired Wheel. Extracted 87 matter. Dropped Aluminum Leg. Dropped Med. Laser. Dropped Hrd. Medium Armor Plating. Acquired Hrd. Medium Armor Plating. Slammed into T-07 Excavator. Destroyed Lgt. Ion Engine. T-07 Excavator system corrupted by crushing effect. T-07 Excavator knocked back. Map ----- +----------------------------------------------------+ | ?????????????????????????????????????? | | ?????????????????????????????????????? | | ???????????##########?????????#######? | | ???????????# #????????## ## | | ?????????### """ #???????## # | | ?????????# """=[=#???????# # | | ?????????# # """ *#???????# #? | | ?????????# # * #???????# #?? | | ?????????# # #???????# #??? | | ?????????# # #??###??# #???? | | ?????????# ##########?? #???# ##??? | | ?????????# #???????##### #???# #### | | ?????????# #??????## ##??## | | ?????????# #??????# #???## | | ?????????# #??????# #????## | | ?????????# #??????# ##????## | | ?????????# #??????# # ##????# | | ?????????# #??????# ## ##???# | | ?????????# #??????# ### ##??# | | ?????????# #??????# #?## #### | | ?????????# #??????# #??## ## | | ?????????# #??????# #???# | | ??????#### #??????# #???## | | ?????## #??????# #????# # | | ??#### ######## #????# # | | ?## @ t #????# # | | ?# ###########???# ## ## | | ?# #?????????????# ####### | | ?## #?????????????## ##?????# | | ??###### ##??????????????# ##??????# | | ???????## #???????????????# #???????? | | ?????#### #???????????????# #???????? | | ?????#== [#???????????????# #???????? | | ?????#=####???????????????# #???????? | | ?????# #??????????????????# #???????? | | ?????# #?????????######???# #???????? | | ????## ##???????##"! "##??# #???????? | | ???## ###?????# "!!""#??# #???????? | | ???# ##????# = #?## ##??????? | | ???# #????##[ #### #??????? | | ???# ########++#### ##???### | | ???## !%![# #??## | | ????# ### !% = #??# | | ????# ??######## ##?# | | ????# ????????## ! ## #### | | ????# ???????## ### ##### | | ????# ???????# ###?# # | | ????# ??????# ##???# | | ????# ?????# ##????## | | ????# ????# #?###### | +----------------------------------------------------+ Best States ------------- Heat Dissipation 25 Energy Generation 12 Energy Capacity 265 Matter Stores 300 Matter Capacity 300 Sight Range 16 Terrain Scan Density 10 Armor Coverage 225 Evasion (%) 44 Item Schematics ----------------- None Robot Schematics ------------------ None Fabricated ------------ Nothing Repaired ---------- Nothing Alien Tech Used ----------------- None Achievements -------------- None Challenges ------------ None Game ------ Seed DecoderDeepTreads Manual? 0 Play Time 00:09:20 Cumulative 5.2 hours Start 2025.07.19 @ 20:49:26 End 2025.07.20 @ 22:29:05 Sessions 2 Manual Loads 0 Difficulty Rogue Special Mode None Game No. 8 Rogue 3 Adventurer 5 Explorer 0 Win Type - Total 0 Types 0/0/0/0/0/0/0/0/0/0 Lore% 8 Gallery% 7 Achievement% 9 Wizard Run 0 Options --------- Layout 0 ASCII 0 Keyboard 1 Movement Arrows Keybinds 0 Fullscreen 1 Font 18/SmallcapsGlow Map View 76x50 Zoom Use 0% Tactical HUD 0 Map Filters NONE Filters NONE Steam 1 RUN: 377e8297-90e2-4132-b300-54d4bcffc890